 Dungeon Crawl Stone Soup version 0.30-a0-723-gc1506a1cf0 (webtiles) character file.

Game seed: 9124884876237663708

1656445 Anon1729 the Axe Maniac (level 26, 284/284 HPs)
             Began as a Minotaur Monk on Jan 28, 2023.
             Was the Champion of Lugonu.
             Escaped with the Orb
             ... and 3 runes!
             The game lasted 02:13:45 (69905 turns).

Anon1729 the Axe Maniac (Minotaur Monk)            Turns: 69905, Time: 02:13:45

Health: 284/284    AC: 50    Str: 36 (38) XL:     26   Next: 23%
Magic:  45/45      EV: 14    Int: 13      God:    Lugonu [******]
Gold:   2150       SH:  5    Dex: 19      Spells: 25/31 levels left

rFire   + . .      SeeInvis +    f - +6 executioner's axe "Beetle's Nightmare" {flame, Fly rElec rC+ rN+}
rCold   + + +      Faith    .    (shield currently unavailable)
rNeg    + . .      Spirit   .    j - +5 gold dragon scales
rPois   +          Reflect  +    G - +2 hat of Kisux {Will+ Dex+4}
rElec   +          Harm     .    I - +2 cloak of the Thief {*Fog Slay-2 SInv Stlth+}
rCorr   +          Rampage  ∞    n - +2 pair of gloves {Str+3}
Will    ++++.                    y - +3 pair of seven-league boots {Rampage+∞} Stlth
                                 M - amulet of Nysyruj {Reflect rC+ Will+ SH+5}
HPRegen 0.67/turn                e - ring of the Endless Expanse {Will+ MP+9 Str+6 Int+6}
MPRegen 0.29/turn                F - ring of Beogh's Pride {rCorr AC+4 Str+3 Stlth+}

@: flying, studying 2 skills
A: horns 2, retaliatory headbutt, robust 1, electricity resistance
0: Orb of Zot
}: 3/15 runes: barnacled, silver, gossamer
a: Renounce Religion, Depart the Abyss, Banish, Corrupt, Enter the Abyss, Brand
Weapon With Distortion


You escaped.
You worshipped Lugonu.
Lugonu was exalted by your worship.
You visited 9 branches of the dungeon, and saw 47 of its levels.
You visited 2 bazaars.
You also visited: Trove, Gauntlet and Ice Cave.

You collected 8843 gold pieces.
You spent 6693 gold pieces at shops.

Inventory:

Hand Weapons
 a - the +10 battleaxe of the Hammering Gods {venom, rElec Int+5}
   (You found it on level 4 of the Dungeon)

   Int:       It affects your intelligence (+5).
   rElec:     It insulates you from electricity.
 f - the +6 executioner's axe "Beetle's Nightmare" (weapon) {flame, Fly rElec rC+ rN+}
   (You acquired it on level 4 of the Vaults)

   rC:        It protects you from cold.
   rElec:     It insulates you from electricity.
   rN:        It protects you from negative energy.
   Fly:       It grants you flight.
 u - a +9 antimagic executioner's axe
Missiles
 T - 4 throwing nets (quivered)
Armour
 j - +5 gold dragon scales (worn)
 n - a +2 pair of gloves of strength (worn)
 o - the +2 hat of Hepliaklqana's Anger {+Blink}
   (You found it in a treasure trove)

   +Blink:    It lets you blink.
 w - a scarf of repulsion
 y - the +3 pair of seven-league boots (worn) {Rampage+∞}
   (You found it on level 4 of the Vaults)

   Rampage+∞: When moving toward enemies, its wearer moves as far as possible.
 G - the +2 hat of Kisux (worn) {Will+ Dex+4}
   (You acquired it on level 4 of the Depths)

   Dex:       It affects your dexterity (+4).
   Will:      It increases your willpower.
 I - the +2 cloak of the Thief (worn) {*Fog Slay-2 SInv Stlth+}
   (You bought it in a shop on level 5 of the Dungeon)

   *Fog:      It may release a thick cloud of smoke when the wearer is hurt.
   Slay:      It affects your accuracy & damage with ranged weapons and melee
   (-2).
   SInv:      It lets you see invisible.
   Stlth:     It makes you more stealthy.
Jewellery
 e - the ring of the Endless Expanse (left hand) {Will+ MP+9 Str+6 Int+6}
   (You found it in a Gauntlet)

   [ring of intelligence]

   Str:       It affects your strength (+6).
   Int:       It affects your intelligence (+6).
   MP:        It affects your magic capacity (+9).
   Will:      It increases your willpower.
 h - a ring of ice
 r - a ring of positive energy
 F - the ring of Beogh's Pride (right hand) {rCorr AC+4 Str+3 Stlth+}
   (You bought it in a shop in a bazaar)

   [ring of protection]

   AC:        It affects your AC (+4).
   Str:       It affects your strength (+3).
   rCorr:     It protects you from acid and corrosion.
   Stlth:     It makes you more stealthy.
 M - the amulet of Nysyruj (around neck) {Reflect rC+ Will+ SH+5}
   (You found it on level 3 of the Spider Nest)

   [amulet of reflection]

   It reflects blocked missile attacks.
   rC:        It protects you from cold.
   SH:        It affects your SH (+5).
   Will:      It increases your willpower.
 O - a ring of see invisible
 U - a ring of protection from fire
 X - a ring of poison resistance
Wands
 z - a wand of flame (109)
 B - a wand of mindburst (43)
 N - a wand of charming (41)
 P - a wand of iceblast (32)
 Q - a wand of digging (17)
 W - a wand of quicksilver (13)
Scrolls
 b - 8 scrolls of fear
 g - a scroll of magic mapping
 i - 6 scrolls of blinking
 p - 9 scrolls of poison
 q - a scroll of silence
 s - 13 scrolls of fog
 x - 9 scrolls of immolation
 D - 13 scrolls of vulnerability
 J - 4 scrolls of summoning
 R - 23 scrolls of teleportation
Potions
 c - 10 potions of ambrosia
 d - 6 potions of mutation
 k - 7 potions of might
 l - 7 potions of cancellation
 m - 2 potions of haste
 t - 4 potions of resistance
 v - 8 potions of flight
 A - 26 potions of curing
 C - 6 potions of heal wounds
 K - 5 potions of berserk rage
 L - 6 potions of magic
 V - 9 potions of attraction
 Y - 8 potions of lignification
 Z - 6 potions of invisibility
Miscellaneous
 E - a condenser vane
 H - a phantom mirror
 S - a box of beasts


   Skills:
 + Level 25.5 Fighting
 O Level 27 Axes
 + Level 25.2 Armour
 - Level 10.0 Dodging
 - Level 6.5 Stealth
 - Level 3.0 Spellcasting
 - Level 4.0 Translocations
 - Level 4.0 Transmutations
 - Level 4.0 Air Magic
 - Level 4.0 Earth Magic
 + Level 21.5 Invocations
 + Level 16.0 Evocations


You had 25 spell levels left.
You knew the following spells:

 Your Spells              Type           Power      Damage    Failure   Level
a - Apportation           Tloc           24%        N/A       21%         1
b - Passwall              Tmut/Erth      10%        N/A       30%         2
c - Swiftness             Air            12%        N/A       52%         3

Your spell library contained the following spells:

 Spells                   Type           Power      Damage    Failure   Level
 Sandblast                Erth           24%        2d8       21%         1
 Lesser Beckoning         Tloc           24%        N/A       30%         2
 Shock                    Conj/Air       28%        1d4       43%         1
 Sting                    Tmut/Pois      28%        1d4       43%         1
 Gell's Gravitas          Tloc           12%        N/A       52%         3
 Teleport Other           Tloc           12%        N/A       52%         3
 Vhi's Electric Charge    Tloc/Air       24%        N/A       52%         3
 Static Discharge         Conj/Air       14%        2-3/arc   56%         2
 Cigotuvi's Dreadful Rot  Necr/Pois/Air  10%        N/A       67%         2
 Freeze                   Ice            4%         1d3       71%         1
 Magic Dart               Conj           4%         1d3       71%         1
 Necrotise                Necr           4%         1d4       71%         1
 Slow                     Hex            4%         N/A       71%         1
 Summon Small Mammal      Summ           4%         N/A       71%         1
 Kindle Blastsparks       Fire/Tloc/Air  16%        2d11      73%         3
 Portal Projectile        Hex/Tloc       14%        N/A       80%         3
 Stone Arrow              Conj/Erth      14%        3d7       80%         3
 Ensorcelled Hibernation  Hex/Ice        2%         N/A       85%         2
 Searing Ray              Conj           2%         2d4       85%         2
 Sublimation of Blood     Necr           1%         N/A       85%         2
 Airstrike                Air            6%         2d(1-17)  90%         4
 Petrify                  Tmut/Erth      12%        N/A       90%         4
 Call Canine Familiar     Summ           1%         N/A       97%         3
 Confusing Touch          Hex            1%         N/A       97%         3
 Dazzling Flash           Conj/Hex       2%         N/A       97%         3
 Frozen Ramparts          Ice            2%         1d1       97%         3
 Hailstorm                Conj/Ice       1%         3d3       97%         3
 Ozocubu's Armour         Ice            1%         N/A       97%         3
 Summon Guardian Golem    Hex/Summ       1%         N/A       97%         3
 Tukima's Dance           Hex            1%         N/A       97%         3
 Vampiric Draining        Necr           1%         2d6       97%         3
 Animate Armour           Summ/Erth      14%        N/A       99%         4
 Ice Form                 Ice/Tmut       7%         N/A       99%         4
 Iskenderun's Mystic Bla  Conj/Tloc      7%         2d4       99%         4
 Leda's Liquefaction      Hex/Erth       3%         N/A       99%         4
 Summon Lightning Spire   Summ/Air       7%         N/A       99%         4
 Blade Hands              Tmut           6%         N/A       99%         5
 Lee's Rapid Deconstruct  Erth           6%         3d6*      99%         5
 Animate Dead             Necr           1%         N/A       100%        4
 Dispel Undead            Necr           1%         3d6       100%        4
 Fulminant Prism          Conj/Hex       0%         3d5       100%        4
 Olgreb's Toxic Radiance  Pois           1%         N/A       100%        4
 Summon Ice Beast         Ice/Summ       1%         N/A       100%        4
 Agony                    Necr           1%         N/A       100%        5
 Alistair's Intoxication  Tmut/Pois      4%         N/A       100%        5
 Arcjolt                  Conj/Air       3%         1d13      100%        5
 Borgnjor's Vile Clutch   Necr/Erth      3%         N/A       100%        5
 Irradiate                Conj/Tmut      3%         3d12      100%        5
 Lightning Bolt           Conj/Air       3%         1d15      100%        5
 Metabolic Englaciation   Hex/Ice        0%         N/A       100%        5
 Silence                  Hex/Air        3%         N/A       100%        5
 Summon Forest            Summ/Tloc      3%         N/A       100%        5
 Yara's Violent Unravell  Hex/Tmut       3%         3d4       100%        5
 Death Channel            Necr           0%         N/A       100%        6
 Dispersal                Tloc           6%         N/A       100%        6
 Eringya's Noxious Bog    Tmut/Pois      3%         N/A       100%        6
 Starburst                Conj/Fire      0%         6d3       100%        6
 Statue Form              Tmut/Erth      8%         N/A       100%        6
 Dragon Form              Tmut           6%         N/A       100%        7
 Enfeeble                 Hex            0%         N/A       100%        7
 Haunt                    Necr/Summ      0%         N/A       100%        7
 Orb of Destruction       Conj           0%         9d5       100%        7
 Spellforged Servitor     Conj/Summ      0%         N/A       100%        7
 Storm Form               Tmut/Air       6%         N/A       100%        7
 Discord                  Hex            0%         N/A       100%        8
 Lehudib's Crystal Spear  Conj/Erth      3%         10d3      100%        8
 Maxwell's Capacitive Co  Air            6%         ∞         100%        8
 Chain Lightning          Conj/Air       3%         3d4       100%        9
 Dragon's Call            Summ           0%         N/A       100%        9
 Fire Storm               Conj/Fire      0%         6d1       100%        9
 Shatter                  Erth           6%         3d9*      100%        9


Dungeon Overview and Level Annotations

Branches:
Dungeon (15/15)            Temple (0/1) D:7            Lair (5/5) D:11
 Shoals (4/4) Lair:3       Spider (4/4) Lair:2        Slime (0/5) Lair:5
    Orc (2/2) D:11            Elf (3/3) Orc:2        Vaults (5/5) D:14
  Crypt (0/3) Vaults:2     Depths (4/4) D:15            Zot (5/5) Depths:4
  IceCv (visited)         Gauntlet (visited)

Altars:
Ashenzari
Dithmenos
Elyvilon
Gozag
Hepliaklqana
Kikubaaqudgha
Nemelex Xobeh
Okawaru
Trog
Uskayaw
Vehumet
Wu Jian
Xom
Yredelemnul
Zin
The Shining One
Jiyva
Lugonu

Shops:
D:5 [   D:14 *   Orc:2 =?[*   Elf:3 !   Vaults:2 ([*   Vaults:3 ?   Depths:3 *(

Portals:
Hell: Depths:1 Depths:2 Depths:3 Depths:4
Abyss: Lair:5 Depths:2 Depths:3
Pandemonium: Orc:2 Depths:2 Depths:3
Ziggurat: Depths:1

Annotations:
Zot:1 2 transporters, Ahiemauce's ghost, veteran DrSu
Abyss:1 Urug


Innate Abilities, Weirdness & Mutations

You have a pair of horns on your head.
You reflexively headbutt those who attack you in melee.
You are robust. (+10% HP)
You are resistant to electric shocks. (rElec)


Message History

The Orb Guardian is almost dead.
The Orb Guardian hits you but does no damage.
You miss the Orb Guardian.
The Orb Guardian is almost dead.
The Orb Guardian misses you. You furiously retaliate!
You headbutt the Orb Guardian.
You carve the Orb Guardian like a ham!!!
You burn the Orb Guardian.
You kill the Orb Guardian!
Lugonu accepts your kill.
You feel your strength returning.
No target in view!
No target in view!
No target in view!
No target in view!
No target in view!
No target in view!
No target in view!
No target in view!
(D) Dungeon (T) Temple (L) Lair (A) Shoals (N) Spider Nest (M) Slime Pits (O) Orcish Mines (E) Elven Halls (V) Vaults (C) Crypt (U) Depths (H) Hell (Z) Zot
Where to? (Enter - D:1 @ (x,y), ? - help)
Okay, then.
(D) Dungeon (T) Temple (L) Lair (A) Shoals (N) Spider Nest (M) Slime Pits (O) Orcish Mines (E) Elven Halls (V) Vaults (C) Crypt (U) Depths (H) Hell (Z) Zot
Where to? (Enter - D:1 @ (x,y), ? - help)
There is a stone staircase leading up here.
You fly upwards.
There is a stone staircase leading down here.
There is an open door here.
There is a fountain of clear blue water here.
There is a dry fountain here.
There is a staircase leading out of the dungeon here.
Unknown command.
There is a staircase leading out of the dungeon here.
You have escaped!

.# #.#......⌠.......⌠......#.####
.# #.##...................##.....
.# #.###..⌠...⌠...⌠...⌠..###.....
'###.# ##...............##.......
...#.# ##.⌠....⌠....⌠.###.#.####
...#.# ##...........## #.#.#
...#.#######..⌠...⌠..## #.#.#
...#.......##.......## #.#.#
'##.......####..@..#######.#.####
.#...........##.>.##.......#.....
.#........##.#######.############
.#........##.# #.# #
.#.######.##.# #.# # ##.# #.##.#
#.# # ##.######.##.#######.#
######### ..........##.........#
#........
##.######################........


There were no monsters in sight!

Vanquished Creatures
  5 dread liches
  6 orbs of fire
  Mara (Vaults:2)
  A juggernaut (Depths:3)
  Boris (Depths:2)
  Bai Suzhen (Vaults:5)
  5 Killer Klowns (Zot:5)
  A curse toe (Zot:3)
  Nikola (Spider:2)
  9 golden dragons
  Jorgrun (D:15)
  6 electric golems
  An Ice Fiend (IceCv)
  Zenata (Elf:2)
  The ghost of Poyn the Eclecticist, an adept DEVM of Gozag (Vaults:4)
  Rupert (D:14)
  14 tentacled monstrosities
  A walking divine tome (Depths:2)
  A walking earthen tome (Depths:2)
  27 Orb Guardians
  2 walking frostbound tomes
  17 titans
  6 quicksilver dragons
  3 deep elf master archers (Elf:3)
  3 liches
  2 deep elf blademasters
  Frances (D:14)
  A kraken (Shoals:2)
  Kirke (D:14)
  14 death cobs
  7 sphinxes
  12 storm dragons
  4 tengu reavers
  8 shadow dragons
  8 fire giants
  Roxanne (Elf:3)
  2 draconian monks
  3 iron dragons
  10 emperor scorpions
  9 frost giants
  20 vault wardens
  9 deep elf sorcerers
  4 draconian knights
  Aizul (Vaults:1)
  10 ghost moths
  6 deep elf elementalists (Elf:3)
  3 draconian scorchers
  4 draconian shifters
  A balrug (D:9)
  4 orc warlords
  4 draconian stormcallers
  4 draconian annihilators
  6 ironbound thunderhulks
  4 broodmothers
  13 stone giants
  24 ironbound preservers
  31 very ugly things
  2 vampire knights
  3 war gargoyles
  6 deep elf demonologists
  3 green draconians
  A minotaur (Gauntlet)
  9 deep elf annihilators
  10 yellow draconians
  4 black draconians
  Azrael (D:14)
  8 red draconians
  6 white draconians
  4 purple draconians
  A spark wasp (Spider:4)
  10 dire elephants
  A merfolk javelineer (Shoals:4)
  9 ettins
  Josephine (D:14)
  7 merfolk impalers
  2 crystal guardians (Depths:2)
  9 deep elf death magi
  2 jiangshi (Depths:4)
  7 great orbs of eyes
  14 ice dragons
  9 fire dragons
  6 entropy weavers
  17 yaktaur captains
  14 deep elf high priests
  5 hydras
  2 peacekeepers
  A rakshasa (Depths:1)
  A hell beast (Depths:2)
  3 caustic shrike simulacra (IceCv)
  7 centaur warriors
  2 demonspawn (Orc:2)
  A catoblepas (Gauntlet)
  37 vault guards
  Erica (D:9)
  2 death knights
  10 boulder beetles
  4 merfolk avatars
  4 spriggan air magi
  3 jorogumos (Spider:1)
  4 merfolk aquamancers
  5 radroaches
  29 dancing weapons
  13 ironbound frosthearts
  3 ogre magi
  7 two-headed ogres
  8 deep troll earth magi
  7 tengu warriors
  6 death yaks (Lair:5)
  5 satyrs
  5 deep troll shamans
  An alligator snapping turtle (Shoals:3)
  A vampire mage (Depths:4)
  6 orc high priests
  2 thrashing horrors (Lair:5)
  5 soul eaters
  7 spriggan berserkers
  5 sun demons
  A hell knight (Depths:3)
  3 iron trolls
  2 skeletal warriors
  21 deep elf knights
  A cherub (Depths:2)
  3 sun moths
  19 sea snakes
  4 pharaoh ants
  A sixfirhy (Depths:2)
  3 glowing orange brains
  2 death drakes (Zot:2)
  3 flayed ghosts
  A shadow demon (Zot:4)
  The ghost of XanderDroid the Ruffian, a novice TrFi of Wu Jian (D:6)
  47 deep trolls
  7 orb spiders
  12 steelbarb worms
  3 lindwurms
  7 wizards
  A spriggan simulacrum (Shoals:2)
  A lindwurm (shapeshifter) (Depths:1)
  23 ironbound convokers
  5 phantasmal warriors
  A tengu zombie (Vaults:2)
  3 necromancers
  15 deep elf archers
  3 obsidian statues
  15 orc knights
  27 harpies
  43 deep elf pyromancers
  A tengu skeleton (Vaults:2)
  43 ugly things
  10 orc sorcerers
  30 deep elf zephyrmancers
  10 cyclopes
  29 wolf spiders
  A worldbinder (Gauntlet)
  17 manticores
  2 mana vipers (shapeshifter)
  29 fauns
  A human zombie (Vaults:3)
  9 elephants (Lair:5)
  14 merfolk sirens
  A human skeleton (Vaults:3)
  Maurice (Orc:2)
  2 rust devils (Depths:2)
  2 centaur zombies (D:15)
  A black mamba (shapeshifter) (Vaults:5)
  16 demonic crawlers
  A guardian serpent (shapeshifter) (Depths:3)
  29 vault sentinels
  A stone giant skeleton (Vaults:2)
  2 naga magi (D:15)
  4 smoke demons (Lair:5)
  A torpor snail (shapeshifter) (Vaults:5)
  31 moths of wrath
  3 black mambas
  An ice statue (Elf:3)
  A fire giant skeleton (Vaults:2)
  9 water nymphs
  A titan simulacrum (Vaults:2)
  A molten gargoyle (Gauntlet)
  6 torpor snails
  2 orange demons
  6 gargoyles
  5 cane toads
  3 rime drakes
  2 unseen horrors (shapeshifter)
  A centaur skeleton (D:15)
  A yaktaur zombie (Vaults:3)
  A yaktaur (shapeshifter) (Lair:5)
  7 freezing wraiths
  7 komodo dragons
  A tormentor (Zot:5)
  6 ice devils
  27 yaktaurs
  An ancient zyme (Lair:5)
  A tengu conjurer (Depths:2)
  3 golden dragon simulacra (IceCv)
  8 trolls
  A meliai (shapeshifter) (D:14)
  2 polar bears
  17 merfolk
  3 hellwings (Orc:2)
  6 meliai
  A troll (shapeshifter) (Depths:4)
  27 tarantellas
  A tarantella (shapeshifter) (Vaults:5)
  A raiju (shapeshifter) (Elf:3)
  6 wind drakes
  4 hornets
  9 snapping turtles
  28 blink frogs
  34 jumping spiders
  2 centaur simulacra (D:15)
  15 slime creatures
  4 air elementals
  4 spriggans
  2 ynoxinuls (Depths:2)
  19 culicivoras
  2 shadows
  An elf zombie (Vaults:3)
  A spriggan (shapeshifter) (D:14)
  7 water elementals
  5 hogs (D:14)
  10 wyverns
  A vampire (D:9)
  10 wraiths
  A dire elephant simulacrum (Shoals:2)
  4 chaos spawn
  6 fire elementals
  38 yaks
  5 basilisks
  19 vampire mosquitoes
  4 minotaur simulacra
  80 redbacks
  2 neqoxecs
  A steam dragon (D:8)
  11 wargs
  Menkaure (D:5)
  An elf skeleton (Vaults:3)
  2 large abominations (Lair:5)
  A swamp worm (shapeshifter) (Vaults:5)
  3 acid dragons
  12 water moccasins
  2 hell hounds (D:14)
  2 hydra simulacra (IceCv)
  9 small abominations (Lair:5)
  An ice beast (D:6)
  2 ettin simulacra (IceCv)
  34 orc warriors
  A sky beast (D:6)
  5 black bears
  The ghost of jazmu the Shooter, an amateur DgHs (D:3)
  12 ogres
  8 boggarts
  20 wolves
  7 centaurs
  A kobold brigand (D:11)
  6 bullfrogs
  3 gnoll sergeants
  6 earth elementals
  2 deep troll simulacra (Shoals:2)
  4 scorpions
  23 wights
  20 killer bees
  2 lindwurm simulacra
  A howler monkey (D:7)
  2 electric eels (Spider:3)
  A quasit (Zot:4)
  A jelly (D:5)
  32 orc priests
  4 hounds
  2 iguanas
  Terence (D:3)
  Natasha (thrice) (D:3)
  14 orc wizards
  A boggart skeleton (D:15)
  2 scorpion simulacra (D:3)
  Robin (D:2)
  23 gnolls
  11 adders
  A hound simulacrum (D:3)
  4 white imps
  An ufetubus (D:6)
  2 worms
  6 dart slugs
  82 orcs
  6 ball pythons
  6 endoplasms
  A giant cockroach (shapeshifter) (Depths:4)
  9 goblins
  4 hobgoblins
  11 jackals
  3 quokkas
  2 ball python simulacra (D:3)
  8 bats
  3 kobolds
  6 rats
  A plant (Shoals:4)
  4 tentacles (Shoals:2)
2229 creatures vanquished.

Vanquished Creatures (others)
  An ironbound preserver (Vaults:5)
  A deep elf demonologist (Vaults:3)
  A deep elf zephyrmancer (Elf:1)
  A moth of wrath (Zot:3)
  An unseen horror (D:13)
  2 yaktaurs (Vaults:5)
  A tengu conjurer (Depths:3)
  A redback (Spider:4)
  20 demonic plants (Gauntlet)
  8 fungi
  242 plants
  3 tentacles (Shoals:2)
282 creatures vanquished.

Grand Total: 2511 creatures vanquished

Notes
Turn   | Place    | Note
-------+----------+-------------------------------------------
     0 | D:1      | Anon1729 the Minotaur Monk began the quest for the Orb.
     0 | D:1      | Reached XP level 1. HP: 19/19 MP: 0/0
    98 | D:1      | Reached skill level 4 in Axes
    99 | D:1      | Reached XP level 2. HP: 20/27 MP: 1/1
   239 | D:1      | Reached skill level 1 in Armour
  1087 | D:2      | Found a faded altar of an unknown god.
  1096 | D:2      | Prayed at the altar of an unknown god.
  1096 | D:2      | Became a worshipper of Lugonu the Unformed
  1096 | D:2      | Reached * piety under Lugonu
  1096 | D:2      | Reached ** piety under Lugonu
  1182 | D:2      | Reached XP level 3. HP: 33/33 MP: 2/2
  1189 | D:2      | Reached *** piety under Lugonu
  1189 | D:2      | Noticed Robin
  1203 | D:2      | Killed Robin
  1589 | D:2      | Reached skill level 5 in Axes
  1589 | D:2      | Reached XP level 4. HP: 40/40 MP: 3/3
  1935 | D:3      | Noticed Natasha
  1943 | D:3      | Killed Natasha
  1962 | D:3      | Noticed Terence
  1968 | D:3      | Killed Terence
  1969 | D:3      | Reached XP level 5. HP: 35/47 MP: 4/4
  2072 | D:3      | Noticed Natasha
  2082 | D:3      | Killed Natasha
  2288 | D:3      | Noticed jazmu's ghost (amateur DgHs)
  2304 | D:3      | Noticed Natasha
  2315 | D:3      | Killed Natasha
  2316 | D:3      | Reached skill level 6 in Axes
  2333 | D:3      | Found a runed translucent gate.
  2333 | D:3      | Found a runed translucent gate.
  2632 | D:3      | Found a runed translucent gate.
  2978 | D:4      | Noticed a +0 dagger
  2979 | D:4      | Noticed a +0 falchion
  2980 | D:4      | Noticed a +0 spear
  2980 | D:4      | Noticed a +0 falchion
  2980 | D:4      | Noticed a +0 short sword
  2980 | D:4      | Noticed a +0 dagger
  2981 | D:4      | Noticed a +0 short sword
  2981 | D:4      | Noticed a +0 spear
  2982 | D:4      | Found a hide-covered altar of Uskayaw.
  2998 | D:4      | Identified the +10 battleaxe of the Hammering Gods {venom,
                  | rElec Int+5}
  3407 | D:5      | Entered Level 5 of the Dungeon
  3413 | D:5      | Reached skill level 5 in Fighting
  3413 | D:5      | Reached skill level 1 in Invocations
  3413 | D:5      | Reached XP level 6. HP: 55/56 MP: 5/5
  3460 | D:5      | Found a glowing silver altar of Zin.
  3460 | D:5      | Found a white marble altar of Elyvilon.
  3460 | D:5      | Found a glowing golden altar of the Shining One.
  3483 | D:5      | Found Dyimoy's Antique Armour Shop.
  3582 | D:5      | Reached **** piety under Lugonu
  3629 | D:5      | Gained mutation: You expend magic power (3 MP) to
                  | strengthen your wands. [potion of mutation]
  3629 | D:5      | Gained mutation: You have a somewhat thin skeletal
                  | structure. (Dex +2, Stealth+) [potion of mutation]
  3629 | D:5      | Gained mutation: You are robust. (+10% HP) [potion of
                  | mutation]
  3629 | D:5      | Gained mutation: Your mind is acute. (Int +4, Str/Dex -1)
                  | [potion of mutation]
  3819 | D:5      | Found a sparkling altar of Nemelex Xobeh.
  3918 | D:5      | Reached skill level 7 in Axes
  3918 | D:5      | Reached XP level 7. HP: 67/67 MP: 7/7
  4027 | D:5      | Noticed Menkaure
  4739 | D:5      | Killed Menkaure
  4994 | D:6      | Reached skill level 8 in Axes
  5055 | D:6      | Reached XP level 8. HP: 64/77 MP: 9/9
  5056 | D:6      | Reached skill level 5 in Armour
  5317 | D:6      | Reached skill level 9 in Axes
  5330 | D:6      | Found a broken altar of Ashenzari.
  5948 | D:6      | Found a runed translucent door.
  5951 | D:6      | Noticed XanderDroid's ghost (novice TrFi)
  6136 | D:7      | Noticed a hornet
  6140 | D:7      | Paralysed by a hornet for 3 turns
  6144 | D:7      | Banished a hornet
  6145 | D:7      | Reached skill level 10 in Axes
  6145 | D:7      | Reached XP level 9. HP: 35/86 MP: 6/11
  6185 | D:5      | Bought a spiked chain mail for 256 gold pieces
  6185 | D:5      | Identified the +6 chain mail "Secekhla" {+Blink Str+3
                  | Dex-3} (You bought it in a shop on level 5 of the Dungeon)
  6309 | D:7      | Identified the +5 rapier of Terror {heavy, rPois}
  6358 | D:7      | Found a staircase to the Ecumenical Temple.
  6566 | D:7      | Reached ***** piety under Lugonu
  6567 | D:7      | Noticed a troll
  6573 | D:7      | Killed a troll
  6574 | D:7      | Reached skill level 5 in Invocations
  6624 | D:7      | Found an ancient bone altar of Kikubaaqudgha.
  6633 | D:7      | Found a radiant altar of Vehumet.
  6771 | D:8      | Reached skill level 11 in Axes
  6929 | D:8      | Reached XP level 10. HP: 94/97 MP: 13/13
  7313 | D:8      | Reached skill level 12 in Axes
  7543 | D:9      | Noticed a deep elf pyromancer
  7545 | D:9      | Killed a deep elf pyromancer
  7570 | D:9      | Noticed Erica
  7584 | D:9      | Killed Erica
  7873 | D:9      | Reached skill level 13 in Axes
  8268 | D:10     | Entered Level 10 of the Dungeon
  8368 | D:10     | Reached XP level 11. HP: 84/108 MP: 15/15
  8441 | D:10     | Got Sif Muna's Lessons on Changes and the Deep Freeze
  8585 | D:10     | Noticed a two-headed ogre
  8598 | D:10     | Killed a two-headed ogre
  8599 | D:10     | Reached skill level 10 in Fighting
  8676 | D:10     | Found a basalt altar of Yredelemnul.
  8676 | D:10     | Found a hazy altar of Hepliaklqana.
  8680 | D:10     | Found a shadowy altar of Dithmenos.
  8681 | D:10     | Found an ornate altar of the Wu Jian Council.
  8775 | D:10     | Reached ****** piety under Lugonu
  9009 | D:10     | Found an iron altar of Okawaru.
  9187 | D:10     | Reached skill level 14 in Axes
  9345 | D:3      | Killed jazmu's ghost
  9477 | D:6      | Killed XanderDroid's ghost
  9581 | D:11     | Found Onitt's Distillery.
  9617 | D:11     | Bought a potion of berserk rage for 70 gold pieces
  9617 | D:11     | Bought a potion of attraction for 42 gold pieces
  9674 | D:11     | Reached skill level 10 in Armour
  9750 | D:11     | Found a staircase to the Lair.
  9750 | D:11     | Noticed a red ugly thing
  9757 | D:11     | Killed a red ugly thing
  9831 | D:11     | Found a staircase to the Orcish Mines.
  9877 | D:11     | Noticed a two-headed ogre
  9882 | D:11     | Killed a two-headed ogre
  9883 | D:11     | Reached skill level 15 in Axes
 10210 | Orc:1    | Entered Level 1 of the Orcish Mines
 10212 | Orc:1    | Noticed an orc high priest
 10219 | Orc:1    | Noticed a sun demon
 10255 | Orc:1    | Killed an orc high priest
 10256 | Orc:1    | Reached XP level 12. HP: 121/121 MP: 17/17
 10644 | Orc:1    | You fall into a shaft and drop 1 floor!
 10644 | Orc:2    | Entered Level 2 of the Orcish Mines
 10647 | Orc:2    | Noticed an orc warlord
 10658 | Orc:2    | Noticed a two-headed ogre
 10658 | Orc:2    | Noticed a two-headed ogre
 10660 | Orc:2    | Noticed an ogre mage
 10660 | Orc:2    | Noticed Urug
 10671 | Orc:2    | Found a staircase to the Elven Halls.
 10789 | Orc:2    | Found Kuovvaeng's Specific Store.
 10793 | Orc:2    | Found Cirit's General Store.
 10797 | Orc:2    | Bought a potion of curing for 36 gold pieces
 10797 | Orc:2    | Bought a scroll of fear for 48 gold pieces
 10797 | Orc:2    | Bought a scroll of identify for 24 gold pieces
 10797 | Orc:2    | Bought a scroll of magic mapping for 90 gold pieces
 10803 | Orc:2    | Bought a scroll of blinking for 127 gold pieces
 10847 | Orc:2    | Noticed Maurice
 11215 | Orc:2    | Killed Maurice
 11360 | Orc:2    | Reached skill level 16 in Axes
 11374 | Orc:2    | Killed an ogre mage
 11478 | Orc:2    | Killed an orc warlord
 11799 | Orc:2    | Found Bostaq's Magic Scroll Boutique.
 11800 | Orc:2    | Found Jixtopai's Magic Scroll Shop.
 11831 | Orc:2    | Killed a two-headed ogre
 11856 | Orc:2    | Bought a scroll of fog for 64 gold pieces
 11856 | Orc:2    | Bought a scroll of teleportation for 48 gold pieces
 11856 | Orc:2    | Bought a scroll of identify for 32 gold pieces
 11856 | Orc:2    | Bought 3 scrolls of identify for 96 gold pieces
 11856 | Orc:2    | Bought a scroll of amnesia for 64 gold pieces
 11856 | Orc:2    | Bought a scroll of fog for 64 gold pieces
 11862 | Orc:2    | Bought a scroll of identify for 28 gold pieces
 11862 | Orc:2    | Bought 3 scrolls of identify for 84 gold pieces
 11862 | Orc:2    | Bought 2 scrolls of identify for 56 gold pieces
 11862 | Orc:2    | Bought a scroll of vulnerability for 56 gold pieces
 11896 | Orc:2    | Noticed an orc high priest
 11902 | Orc:2    | Killed an orc high priest
 11906 | Orc:2    | Reached skill level 17 in Axes
 11906 | Orc:2    | Reached XP level 13. HP: 130/130 MP: 19/19
 12102 | Orc:2    | Reached skill level 10 in Invocations
 12128 | Orc:2    | HP: 5/121 [Urug/javelin (6)]
 12130 | Orc:2    | Banished Urug
 12338 | Orc:2    | Paralysed by an orc sorcerer for 5 turns
 12475 | Orc:2    | Found Asomor's Antique Armour Emporium.
 12475 | Orc:2    | Found Zeaq's Jewellery Shoppe.
 12476 | Orc:2    | Found a one-way gate leading to the halls of Pandemonium.
 12478 | Orc:2    | Bought a pair of glowing boots for 187 gold pieces
 12674 | Lair:1   | Entered Level 1 of the Lair of Beasts
 12882 | Lair:1   | Reached skill level 18 in Axes
 13504 | Lair:2   | Found a hole to the Spider Nest.
 14746 | Lair:3   | Found a staircase to the Shoals.
 15139 | Lair:4   | Reached XP level 14. HP: 143/143 MP: 21/21
 15672 | Lair:5   | Entered Level 5 of the Lair of Beasts
 15821 | Lair:5   | Found a viscous altar of Jiyva.
 15821 | Lair:5   | Found a staircase to the Slime Pits.
 15834 | Lair:5   | Reached skill level 19 in Axes
 16008 | Lair:5   | Found a gate leading to a gauntlet.
 16024 | Gauntlet | Entered a Gauntlet
 16024 | Gauntlet | Found a transporter.
 16024 | Gauntlet | Found a transporter.
 16064 | Gauntlet | Found a transporter.
 16064 | Gauntlet | Found a transporter.
 16066 | Gauntlet | Found a large runed translucent door.
 16067 | Gauntlet | Found a large runed translucent door.
 16068 | Gauntlet | Found a large runed translucent door.
 16068 | Gauntlet | Found a large runed translucent door.
 16068 | Gauntlet | Found a runed translucent door.
 16068 | Gauntlet | Found a runed translucent door.
 16069 | Gauntlet | Found a large runed translucent door.
 16069 | Gauntlet | Found a large runed translucent door.
 16069 | Gauntlet | Found a large runed translucent door.
 16069 | Gauntlet | Found a large runed translucent door.
 16070 | Gauntlet | Found a large runed translucent door.
 16070 | Gauntlet | Found a large runed translucent door.
 16071 | Gauntlet | Found a large runed translucent door.
 16071 | Gauntlet | Found a large runed translucent door.
 16072 | Gauntlet | Found a runed translucent gate.
 16072 | Gauntlet | Found a runed translucent gate.
 16072 | Gauntlet | Found a runed translucent gate.
 16072 | Gauntlet | Noticed a reaper
 16074 | Gauntlet | Found a transporter.
 16080 | Gauntlet | Noticed a cacodemon
 16084 | Gauntlet | Found a transporter.
 16084 | Gauntlet | Found a transporter.
 16106 | Gauntlet | Found a transporter.
 16113 | Gauntlet | Found a transporter.
 16122 | Gauntlet | Found a large runed translucent door.
 16123 | Gauntlet | Found a large runed translucent door.
 16125 | Gauntlet | Found a transporter.
 16154 | Gauntlet | Found a large runed translucent door.
 16155 | Gauntlet | Found a large runed translucent door.
 16157 | Gauntlet | Found a transporter.
 16190 | Gauntlet | Found a transporter.
 16212 | Gauntlet | Found a transporter.
 16296 | Gauntlet | Found a transporter.
 16306 | Gauntlet | Found a transporter.
 16324 | Gauntlet | Found a transporter.
 16450 | Gauntlet | Identified the amulet of Reloemel {RegenMP Rampage}
 16561 | Gauntlet | Identified the ring of Vyulye {Fire Contam Dex+4}
 16581 | Gauntlet | Identified the ring of the Endless Expanse {Will+ MP+9
                  | Str+6 Int+6}
 17240 | Lair:5   | Reached skill level 20 in Axes
 17440 | Lair:5   | Found a corrupted altar of Lugonu.
 17440 | Lair:5   | Found a one-way gate to the infinite horrors of the Abyss.
 17452 | Lair:5   | Identified the +1 robe of Least Resistance {rF++ Str+3
                  | Archmagi}
 17680 | D:12     | Found a shadowy altar of Dithmenos.
 18042 | D:12     | Reached XP level 15. HP: 148/152 MP: 23/23
 18360 | D:12     | Reached skill level 15 in Fighting
 18677 | D:13     | Found a shimmering altar of Xom.
 19364 | D:14     | Noticed Frances
 19376 | D:13     | Reached skill level 15 in Armour
 19507 | D:13     | Reached skill level 21 in Axes
 19572 | D:14     | Killed Frances
 19573 | D:14     | Noticed Josephine
 19581 | D:14     | Killed Josephine
 19659 | D:14     | Found Zin's Purification Station.
 19667 | D:14     | Found a glowing silver altar of Zin.
 19668 | D:14     | Noticed Azrael
 19677 | D:14     | Noticed Rupert
 19682 | D:14     | Killed Azrael
 19755 | D:14     | Noticed Kirke
 19764 | D:14     | Killed Kirke
 19903 | D:14     | Found a gate to the Vaults.
 20169 | D:14     | Killed Rupert
 20430 | D:15     | Entered Level 15 of the Dungeon
 20522 | D:15     | Noticed Jorgrun
 20537 | D:15     | Reached XP level 16. HP: 56/166 MP: 24/24
 20541 | D:15     | Killed Jorgrun
 21074 | D:15     | Found a staircase to the Depths.
 21310 | D:15     | Reached skill level 22 in Axes
 22057 | Spider:1 | Entered Level 1 of the Spider Nest
 22692 | Spider:1 | Paralysed by a jorogumo for 1 turns
 23661 | Spider:2 | Noticed Nikola
 23680 | Spider:2 | Killed Nikola
 23714 | Spider:2 | Reached skill level 1 in Evocations
 23759 | Spider:2 | You fall into a shaft and drop 1 floor!
 24026 | Spider:3 | Reached skill level 23 in Axes
 24192 | Spider:3 | Reached XP level 17. HP: 133/177 MP: 26/26
 24443 | Spider:3 | Identified the amulet of Nysyruj {Reflect rC+ Will+ SH+5}
 26428 | Spider:4 | Entered Level 4 of the Spider Nest
 26565 | Spider:4 | HP: 5/177 [jumping spider (13)]
 27097 | Spider:4 | Reached skill level 5 in Stealth
 28732 | Spider:4 | Identified the +1 short sword of Hymauh {venom, *Rage rPois
                  | Int+3 Stlth+}
 29267 | Spider:4 | Got a gossamer rune of Zot
 29516 | Orc:2    | Bought a ring of flight for 175 gold pieces
 29668 | Shoals:1 | Entered Level 1 of the Shoals
 29674 | Shoals:1 | Found a flickering gateway to a bazaar.
 29701 | Bazaar   | Entered a bazaar
 29702 | Bazaar   | Found Tonieku's Antique Weapon Emporium.
 29702 | Bazaar   | Found Ithronin's General Store.
 29703 | Bazaar   | Found Omoerrog's Antique Armour Boutique.
 29987 | Bazaar   | Bought a scroll of teleportation for 36 gold pieces
 29987 | Bazaar   | Bought a scroll of enchant weapon for 90 gold pieces
 29990 | Bazaar   | Found Vurustun's Antique Weapon Shop.
 30025 | Shoals:1 | Reached XP level 18. HP: 174/188 MP: 27/27
 30054 | Shoals:1 | Identified the +2 long sword "Meysiz" {heavy, Dex+3}
 30193 | Shoals:1 | Reached skill level 24 in Axes
 30911 | Shoals:2 | Found a frozen archway.
 31270 | IceCv    | Entered an ice cave
 31681 | IceCv    | Noticed an Ice Fiend
 31689 | IceCv    | Killed an Ice Fiend
 32226 | IceCv    | Reached skill level 5 in Evocations
 32352 | IceCv    | Identified the ring of the Nightingale {Int+3 Dex+6}
 33466 | Shoals:3 | Reached skill level 5 in Dodging
 34276 | Shoals:3 | Reached skill level 15 in Invocations
 34747 | Shoals:3 | Identified the +0 leather armour "Vac Ituph" {rF+}
 34859 | Shoals:4 | Entered Level 4 of the Shoals
 35555 | Shoals:4 | Reached XP level 19. HP: 174/198 MP: 29/29
 35748 | Shoals:4 | Got a barnacled rune of Zot
 35953 | Shoals:4 | Reached skill level 25 in Axes
 36051 | Shoals:4 | Identified the +0 robe of Objectivity {Rampage rC- Int+6
                  | Archmagi}
 36398 | Shoals:4 | Got the Octavo of Generation
 36764 | Vaults:1 | Entered Level 1 of the Vaults
 36767 | Vaults:1 | Identified the +2 great sword "Wululyol" {vamp, Drain rN+
                  | Str+2}
 36946 | Vaults:1 | Noticed Aizul
 36959 | Vaults:1 | Killed Aizul
 37576 | Vaults:1 | Identified the +5 hand axe of Compassion {venom, rF+++
                  | Str+5 Stlth-}
 38828 | Vaults:2 | Found Gozag's Antique Weapon Shop.
 38829 | Vaults:2 | Found an opulent altar of Gozag.
 38867 | Vaults:2 | Found Gozag's Antique Armour Boutique.
 39021 | Vaults:2 | Found Gozag's Assorted Antiques.
 39535 | Vaults:2 | Identified the ring of Jewaedgh {MP+9 Str-2 Int+2 Dex+2}
 40146 | Vaults:2 | Noticed Mara
 40173 | Vaults:2 | Killed Mara
 40405 | Vaults:2 | Reached XP level 20. HP: 161/210 MP: 30/30
 40613 | Vaults:2 | Found a staircase to the Crypt.
 40613 | Vaults:2 | Found an ancient bone altar of Kikubaaqudgha.
 40613 | Vaults:2 | Found a basalt altar of Yredelemnul.
 41221 | Vaults:3 | Reached skill level 26 in Axes
 42144 | Vaults:3 | Found Fimna's Magic Scroll Emporium.
 42221 | Vaults:3 | Bought a scroll of summoning for 161 gold pieces
 42221 | Vaults:3 | Bought a scroll of enchant weapon for 127 gold pieces
 42221 | Vaults:3 | Bought a scroll of poison for 68 gold pieces
 42221 | Vaults:3 | Bought a scroll of enchant weapon for 127 gold pieces
 42645 | Vaults:3 | Identified a scroll of acquirement
 45113 | Vaults:4 | Found a runed translucent gate.
 45113 | Vaults:4 | Found a runed translucent gate.
 45113 | Vaults:4 | Found a runed translucent gate.
 45113 | Vaults:4 | Noticed Poyn's ghost (adept DEVM)
 45115 | Vaults:4 | Identified the +10 plate armour of the Dolphin {Fly rElec
                  | Will+}
 45115 | Vaults:4 | Identified the +4 kite shield of Abstinence {Int+2}
 45237 | Vaults:4 | Reached XP level 21. HP: 220/220 MP: 32/32
 45511 | Vaults:4 | Found the +3 pair of seven-league boots {Rampage+∞}
 45900 | Vaults:4 | Killed Poyn's ghost
 46043 | Vaults:4 | Identified the +2 pair of boots of the Hurricane {Will-
                  | Regen+ Int+8 Stlth-}
 46078 | Vaults:4 | Acquired the +6 executioner's axe "Beetle's Nightmare"
                  | {flame, Fly rElec rC+ rN+}
 46336 | Elf:1    | Entered Level 1 of the Elven Halls
 46346 | Elf:1    | Reached skill level 10 in Dodging
 46462 | Elf:1    | Reached skill level 27 in Axes
 46733 | Elf:1    | Found a flickering gateway to a bazaar.
 46741 | Bazaar   | Entered a bazaar
 46754 | Bazaar   | Found Soheem's Magic Scroll Shoppe.
 46762 | Bazaar   | Bought a scroll of enchant weapon for 52 gold pieces
 46762 | Bazaar   | Bought 3 scrolls of magic mapping for 157 gold pieces
 46762 | Bazaar   | Bought a scroll of enchant weapon for 52 gold pieces
 46762 | Bazaar   | Bought 2 scrolls of fog for 56 gold pieces
 46762 | Bazaar   | Bought a scroll of blinking for 52 gold pieces
 46813 | Bazaar   | Found Narieq's Jewellery Shoppe.
 46876 | Bazaar   | Found Veutauc's Book Shoppe.
 46926 | Bazaar   | Found Ydghoith's Jewellery Boutique.
 47020 | Bazaar   | Bought the ring of Beogh's Pride {rCorr AC+4 Str+3 Stlth+}
                  | for 750 gold pieces
 47740 | Elf:2    | Noticed Zenata
 47749 | Elf:2    | Killed Zenata
 48315 | Elf:2    | Found a runed translucent gate.
 48316 | Elf:2    | Found a runed translucent gate.
 48316 | Elf:2    | Found a runed translucent gate.
 48352 | Elf:2    | Paralysed by an air elemental for 1 turns
 48692 | Elf:2    | Reached skill level 10 in Evocations
 49113 | Elf:3    | Entered Level 3 of the Elven Halls
 49256 | Elf:3    | Found Biuropos's Distillery.
 49259 | Elf:3    | Bought a potion of cancellation for 112 gold pieces
 49259 | Elf:3    | Bought 2 potions of haste for 280 gold pieces
 49259 | Elf:3    | Bought a potion of heal wounds for 70 gold pieces
 49259 | Elf:3    | Bought a potion of haste for 140 gold pieces
 49259 | Elf:3    | Bought a potion of curing for 42 gold pieces
 49259 | Elf:3    | Bought a potion of flight for 42 gold pieces
 49329 | Elf:3    | Reached XP level 22. HP: 83/234 MP: 33/33
 49695 | Elf:3    | Identified the +4 falchion of the Fox {speed, rF+ rC+ Dex-2
                  | SInv}
 49719 | Elf:3    | Identified the amulet "Ysuvvugo" {Acrobat Int+4}
 49774 | Elf:3    | Identified the ring of Democracy {Str+6 Dex+6}
 49789 | Elf:3    | Identified the +2 plate armour of Unbearable Lucidity {rF+}
 49801 | Elf:3    | Got Nonau's Monograph on Malediction
 49987 | Elf:3    | Got the Grimoire of the Scorpion and the Iceberg
 49998 | Elf:3    | Identified the +9 sling of Talubu {heavy, Fragile rElec rN+
                  | Stlth+}
 50020 | Elf:3    | Got the Quarto of the Evolving Glacier
 50138 | Elf:3    | Noticed Roxanne
 50151 | Elf:3    | Killed Roxanne
 50375 | Elf:3    | Found a radiant altar of Vehumet.
 50787 | Depths:1 | Entered Level 1 of the Depths
 51232 | Depths:1 | Found a one-way gateway to a ziggurat.
 51595 | Depths:1 | Found a gateway to Hell.
 51598 | Depths:1 | Found a bloodstained altar of Trog.
 51627 | Depths:1 | Found a portal to a secret trove of treasure.
 52013 | Depths:1 | You paid a toll of a +6 demon blade to enter a treasure
                  | trove
 52014 | Trove    | Entered a treasure trove
 52016 | Trove    | Found the +3 pair of mountain boots {steadfast, rC+}
 52017 | Trove    | Found the +5 robe of Night {Dark Will+ SInv}
 52028 | Trove    | Identified the +2 buckler of Melancholy {Dex+3}
 52034 | Trove    | Identified the +5 pair of gloves of Ojabbaps {-Tele rElec
                  | Will+++ Dex-2}
 52046 | Trove    | Identified the +7 chain mail "Reutof" {Int+4}
 52048 | Trove    | Identified the +2 hat of Hepliaklqana's Anger {+Blink}
 53820 | Depths:2 | Noticed Boris
 53846 | Depths:2 | Killed Boris
 53849 | Depths:2 | Identified the +5 mace of Uthy {heavy, Stlth+}
 53850 | Depths:2 | Identified the +9 battleaxe "Hydra's Funeral" {venom, rN+
                  | Str+3}
 53853 | Depths:2 | Got The Advanced Guide to Hermeneutics
 54037 | Depths:3 | Noticed a juggernaut
 54046 | Depths:3 | Killed a juggernaut
 54520 | Depths:3 | Reached XP level 23. HP: 241/245 MP: 35/35
 54871 | Depths:3 | Found a glowing silver altar of Zin.
 55114 | Depths:3 | Found Nyme's Weapon Boutique.
 55278 | Depths:3 | Found a white marble altar of Elyvilon.
 55279 | Depths:3 | Found a shadowy altar of Dithmenos.
 55279 | Depths:3 | Found a glowing golden altar of the Shining One.
 55574 | Depths:3 | Found Biut's Neck Hole.
 55698 | Depths:4 | Entered Level 4 of the Depths
 55763 | Depths:4 | Found a gate to the Realm of Zot.
 57370 | Depths:4 | Acquired the +2 hat of Kisux {Will+ Dex+4}
 58391 | Vaults:4 | Learned a level 1 spell: Apportation
 58394 | Vaults:4 | Learned a level 2 spell: Passwall
 58398 | Vaults:4 | Learned a level 3 spell: Swiftness
 58444 | Vaults:5 | Entered Level 5 of the Vaults
 58602 | Vaults:4 | Reached skill level 1 in Transmutations
 58607 | Vaults:4 | Reached skill level 1 in Earth Magic
 58763 | Vaults:4 | Reached skill level 1 in Translocations
 58763 | Vaults:4 | Reached skill level 1 in Air Magic
 58807 | Vaults:4 | Reached skill level 1 in Spellcasting
 58842 | Vaults:5 | Noticed a dread lich
 58849 | Vaults:5 | Identified the amulet "Kiolyg Odd" {Spirit Harm}
 58857 | Vaults:5 | Killed a dread lich
 59322 | Vaults:5 | Reached XP level 24. HP: 145/258 MP: 35/35
 59763 | Vaults:5 | Noticed Bai Suzhen
 59774 | Vaults:5 | Killed Bai Suzhen
 59962 | Vaults:5 | Noticed a dread lich
 59976 | Vaults:5 | Killed a dread lich
 60054 | Vaults:5 | Identified the +3 hand axe of Upsuzun {venom, Drain rF+
                  | Str+4 Dex+2}
 60431 | Vaults:5 | Got a silver rune of Zot
 61578 | D:11     | Bought a potion of magic for 112 gold pieces
 61578 | D:11     | Bought a potion of ambrosia for 112 gold pieces
 61578 | D:11     | Bought 2 potions of berserk rage for 140 gold pieces
 61578 | D:11     | Bought a potion of ambrosia for 112 gold pieces
 61578 | D:11     | Bought a potion of haste for 140 gold pieces
 61578 | D:11     | Bought a potion of mutation for 112 gold pieces
 61578 | D:11     | Bought a potion of ambrosia for 112 gold pieces
 61661 | D:5      | Bought the +2 cloak of the Thief {*Fog Slay-2 SInv Stlth+}
                  | for 542 gold pieces
 61661 | D:5      | Found the +2 cloak of the Thief {*Fog Slay-2 SInv Stlth+}
 61909 | Vaults:2 | Bought a scroll of blinking for 750 gold pieces
 61909 | Vaults:2 | Bought a potion of heal wounds for 500 gold pieces
 62134 | Zot:1    | Entered Level 1 of the Realm of Zot
 62766 | Zot:1    | Identified the +7 long sword "Tesiq" {speed, SInv}
 63275 | Zot:1    | Noticed an ancient lich
 63275 | Zot:1    | Noticed Ahiemauce's ghost (veteran DrSu)
 63281 | Zot:1    | Noticed an orb of fire
 63309 | Zot:1    | Killed an orb of fire
 63772 | Zot:1    | Found a transporter.
 63775 | Zot:1    | Found a transporter.
 64006 | Zot:2    | Noticed a dread lich
 64011 | Zot:2    | Killed a dread lich
 64256 | Zot:2    | Reached XP level 25. HP: 187/269 MP: 36/36
 65212 | Zot:3    | Identified the +0 robe "Rodoz" {Stlth+}
 66906 | Zot:4    | Reached skill level 15 in Evocations
 67543 | Zot:5    | Entered Level 5 of the Realm of Zot
 68108 | Zot:5    | Noticed an orb of fire
 68110 | Zot:5    | Noticed an orb of fire
 68116 | Zot:5    | Noticed an orb of fire
 68122 | Zot:5    | Gained mutation: You are partially covered in iridescent
                  | scales. (AC +2) [an orb of fire]
 68133 | Zot:5    | Killed an orb of fire
 68133 | Zot:5    | Gained mutation: You are clumsy. (Dex -2) [an orb of fire]
 68138 | Zot:5    | Gained mutation: You are weak. (Str -2) [an orb of fire]
 68140 | Zot:5    | Noticed a Killer Klown
 68146 | Zot:5    | Killed an orb of fire
 68150 | Zot:5    | Noticed an orb of fire
 68154 | Zot:5    | Noticed a Killer Klown
 68163 | Zot:5    | Killed an orb of fire
 68167 | Zot:5    | Noticed a Killer Klown
 68168 | Zot:5    | Killed an orb of fire
 68170 | Zot:5    | Noticed a dread lich
 68188 | Zot:5    | Killed a Killer Klown
 68469 | Zot:4    | Killed a dread lich
 68592 | Zot:5    | Killed a Killer Klown
 68595 | Zot:5    | Killed a Killer Klown
 68635 | Zot:5    | Noticed a Killer Klown
 68650 | Zot:5    | Killed a Killer Klown
 68816 | Zot:5    | Noticed a dread lich
 68819 | Zot:5    | Noticed a Killer Klown
 68824 | Zot:5    | Killed a dread lich
 68839 | Zot:5    | Killed a Killer Klown
 68840 | Zot:5    | Reached XP level 26. HP: 281/283 MP: 36/36
 68957 | Zot:5    | Noticed an orb of fire
 68978 | Zot:5    | Gained mutation: You occasionally shout uncontrollably at
                  | your foes. [an orb of fire]
 68994 | Zot:5    | Killed an orb of fire
 69215 | Zot:5    | Noticed an orb of fire
 69220 | Zot:5    | Got the Orb of Zot
 69332 | Zot:4    | Lost mutation: Your mind is acute. (Int +4, Str/Dex -1)
                  | [potion of mutation]
 69332 | Zot:4    | Lost mutation: You are robust. (+10% HP) [potion of
                  | mutation]
 69332 | Zot:4    | Gained mutation: You have a moderately thin skeletal
                  | structure. (Dex +4, Stealth++) [potion of mutation]
 69332 | Zot:4    | Lost mutation: You expend magic power (3 MP) to strengthen
                  | your wands. [potion of mutation]
 69332 | Zot:4    | Gained mutation: You are somewhat resistant to further
                  | mutation. [potion of mutation]
 69333 | Zot:4    | Lost mutation: You are partially covered in iridescent
                  | scales. (AC +2) [potion of mutation]
 69333 | Zot:4    | Lost mutation: You have a moderately thin skeletal
                  | structure. (Dex +4, Stealth++) [potion of mutation]
 69334 | Zot:4    | Lost mutation: You have a somewhat thin skeletal structure.
                  | (Dex +2, Stealth+) [potion of mutation]
 69334 | Zot:4    | Lost mutation: You are clumsy. (Dex -2) [potion of
                  | mutation]
 69334 | Zot:4    | Gained mutation: You are frail. (-10% HP) [potion of
                  | mutation]
 69335 | Zot:4    | Lost mutation: You are somewhat resistant to further
                  | mutation. [potion of mutation]
 69335 | Zot:4    | Lost mutation: You are frail. (-10% HP) [potion of
                  | mutation]
 69335 | Zot:4    | Gained mutation: You expend magic power (3 MP) to
                  | strengthen your wands. [potion of mutation]
 69335 | Zot:4    | Gained mutation: You are partially covered in large bone
                  | plates. (SH +4) [potion of mutation]
 69336 | Zot:4    | Lost mutation: You occasionally shout uncontrollably at
                  | your foes. [potion of mutation]
 69336 | Zot:4    | Lost mutation: You are weak. (Str -2) [potion of mutation]
 69336 | Zot:4    | Lost mutation: You expend magic power (3 MP) to strengthen
                  | your wands. [potion of mutation]
 69336 | Zot:4    | Gained mutation: You are frail. (-10% HP) [potion of
                  | mutation]
 69336 | Zot:4    | Gained mutation: You expend magic power (3 MP) to
                  | strengthen your wands. [potion of mutation]
 69337 | Zot:4    | Lost mutation: You are frail. (-10% HP) [potion of
                  | mutation]
 69337 | Zot:4    | Lost mutation: You are partially covered in large bone
                  | plates. (SH +4) [potion of mutation]
 69337 | Zot:4    | Lost mutation: You expend magic power (3 MP) to strengthen
                  | your wands. [potion of mutation]
 69337 | Zot:4    | Gained mutation: You are robust. (+10% HP) [potion of
                  | mutation]
 69337 | Zot:4    | Gained mutation: You are resistant to electric shocks.
                  | (rElec) [potion of mutation]
 69361 | Zot:4    | Noticed Etwel the pandemonium lord
 69662 | D:13     | Noticed Xuluc the pandemonium lord
 69905 | D:$      | Escaped with the Orb!

Illustrated notes

Levels and vault maps discovered:
D:1:      dpeg_arrival_lava_temple_mockup, layout_basic
D:2:      layout_basic, basic_ecumenical_altar, grunt_decor_cap,
          lightli_corner_chamber, uniq_robin
D:3:      layout_loops_ring, gammafunk_ghost_icy, st_stairs_1, uniq_terence,
          uniq_natasha
D:4:      layout_gridville, nicolae_uskayaw_en_pointe
D:5:      layout_basic, dreamdust_divine_triumvirate, nemelex_dance_club_becter,
          serial_shops, nicolae_shop_overgrown_old_shop, uniq_menkaure
D:6:      hellmonk_destroyed_diamonds, layout_cave_pools,
          nicolae_ashenzari_skybound, ebering_ghost_sewer_d,
          corexii_hall_statues_u, amcnicky_mini_rare_corridor_liquid,
          minmay_door_square, minmay_misc_feat_room
D:7:      layout_cave_pools, mainiacjoe_overflow_swirl,
          minmay_temple_entry_drinking_statues, kennysheep_generic_room_2
D:8:      layout_basic
D:9:      layout_gridville, chequers_garden, uniq_erica
D:10:     layout_stronghold, lemuel_round_altar, minitemple, eino_tiny_chamber
D:11:     layout_small_grid, minmay_lair_entry_grove,
          minmay_orc_entry_temple_small, serial_shops, shop,
          kennysheep_generic_room_5
D:12:     layout_grid_maze, grunt_dithmenos_smoke_and_mirrors
D:13:     layout_irregular_city, xom_confusion_cloud
D:14:     layout_big_octagon, lightli_vaults_fourway_checkpoint,
          hangedman_decor_slide_cut, zin_purify, uniq_josephine, uniq_rupert,
          uniq_frances, uniq_azrael, uniq_kirke
D:15:     grunt_enter_depths_magical_seal, layout_basic,
          chequers_serial_rivers_large_a, uniq_jorgrun
Lair:1:   layout_hall_layers, grunt_megastairs_5
Lair:2:   layout_chaotic_city, dummy_spider_entry
Lair:3:   layout_chaotic_city, elwin_shoals_entry_rooms,
          infiniplex_staircase_pool
Lair:4:   layout_regular_city
Lair:5:   hellmonk_lair_end_abyssal_woods, layout_regular_city, slime_entry_1,
          gauntlet_entry_generic, grunt_megastairs_4
Shoals:1: layout_shoals, serial_shops, bzr_in_the_mist
Shoals:2: layout_shoals, portal_ice_cave_entry_ice_simulacra
Shoals:3: layout_shoals
Shoals:4: shoals_end_grunt_garden, layout_shoals
Spider:1: layout_cave_pods, nicolae_spider_not_touching_you
Spider:2: layout_cave_pods, einodemon_crawler_minivault, uniq_nikola
Spider:3: layout_spider_delve
Spider:4: grunt_spider_rune_circles, drop_trap
Orc:1:    layout_caves, basic_altar, minmay_orc_keep
Orc:2:    pf_orc_diabolical, layout_diamond_mine, nicolae_specific_store,
          uniq_maurice, uniq_urug
Elf:1:    eino_elf_arrival_the_gate, layout_loops_corners, serial_shops,
          bzr_entry_safe, hangedman_elven_crosses_minicolossus
Elf:2:    nicolae_elf_blades_crystal_corner, layout_geoelf_diagonals,
          grunt_ministairs_1, drop_trap, uniq_zenata
Elf:3:    minmay_elf_hall_hex, layout_geoelf_octagon, serial_shops, shop_statue,
          guppyfry_elf_altar, uniq_roxanne
Vaults:1: hangedman_vaults_corner_blocks, st_smaller_cells,
          nicolae_vaults_network_barrier, v_misc_1, v_alt_pattern_4, v_misc_11,
          v_misc_15, vaults_dpeg_emergency_exit, layout_vaults_omnigrid,
          uniq_aizul
Vaults:2: kennysheep_vaults_gozag_temple, v_rooms_2,
          nicolae_vaults_disjoint_gnomons, hangedman_vaults_locks,
          grunt_vaults_trifunnel, v_misc_25, hangedman_vaults_maws, v_misc_14,
          minmay_crypt_entry_necro_gods, ontoclasm_vaults_gateway,
          vaults_room_grunt_arrival_ludios, vaults_dpeg_ring,
          layout_vaults_omnicross, uniq_mara
Vaults:3: vaults_mumra_hex, nicolae_vaults_network_quincunx
          [nicolae_vaults_network_quincunx_subvault,
          nicolae_vaults_network_quincunx_subvault,
          nicolae_vaults_network_quincunx_subvault,
          nicolae_vaults_network_quincunx_subvault,
          nicolae_vaults_network_quincunx_subvault], nicolae_vaults_alarming,
          v_rooms_5, nicolae_vaults_octagons, v_pattern_2,
          nicolae_vaults_little_ls, nicolae_vaults_circle_grid_a, v_misc_3,
          layout_vaults_omnibox, serial_shops, shop
Vaults:4: biasface_ghost_orc_armoury, nicolae_vaults_fighting_squares,
          nicolae_vaults_network_quinsquares
          [nicolae_vaults_network_quincunx_subvault,
          nicolae_vaults_network_quincunx_subvault,
          nicolae_vaults_network_quincunx_subvault,
          nicolae_vaults_network_quincunx_subvault], nicolae_vaults_theta,
          nicolae_vaults_twisting_passages, v_pattern_3, v_misc_29,
          nicolae_vaults_sealed_display, hangedman_vaults_snaps,
          vaults_room_pools, serial_ice_h, layout_vaults_ring
Vaults:5: serial_shops, uniq_bai_suzhen
Depths:1: layout_forbidden_donut, enter_ziggurat_b, nicolae_BIG_FREAKIN_CUBE,
          enter_trove_2, hell_entry, dk_noncrumbling_3,
          trog_three_pillars_becter
Depths:2: constructs_gauntlet_mu_hangedman, layout_gridlike, abyss_entry,
          hell_entry, grunt_pan_entry_in_and_out, hangedman_decor_riveting
Depths:3: minmay_the_grid_octo_tiled_octocenter_mashed
          [minmay_the_grid_octo_fan_narrow, minmay_the_grid_octo_thin_diamonds,
          minmay_the_grid_octo_shrine, minmay_the_grid_octo_clover,
          minmay_the_grid_octo_prize_star, minmay_the_grid_square_5x5_gyroscope,
          minmay_the_grid_square_5x5_eight_small,
          minmay_the_grid_square_5x5_hollow_slash,
          minmay_the_grid_square_5x5_three_walls], layout_twisted_cross,
          serial_sigils_hangedman_scratch, serial_shops, nicolae_lakefront_shop,
          abyss_entry, pf_hell_entry_tar_spiral, grunt_pan_entry_zigzag,
          nicolae_shop_sticking_my_neck_out, minmay_staircase_windowed_small
Depths:4: grunt_x_marks_the_spot, layout_gridlike, hell_entry,
          serial_bayou_lagoon_a, grunt_ministairs_8
Zot:1:    layout_misc_corridors, gammafunk_ghost_mausoleum
Zot:2:    hangedman_snap_crack_crunch, layout_onion, zot_minivault_5
Zot:3:    minmay_elemental_castle, layout_basic, grunt_megastairs_2,
          uniq_josephina
Zot:4:    layout_gridville, zot_minivault_6
Zot:5:    layout_gridville

Skill      XL: |  1  2  3  4  5  6  7  8  9 10 11 12 13 14 15 16 17 18 19 20 21 22 23 24 25 26 |
---------------+-------------------------------------------------------------------------------+-----
Axes           | 4 5 6 7 8 10 11 13 15 17 18 20 21 23 24 25 26 27 | 27.0
Armour         | 1 2 3 4 6 7 9 10 12 13 14 15 16 17 18 19 20 21 22 23 24 25 | 25.2
Fighting       | 4 5 6 7 8 9 11 12 13 14 16 17 18 19 21 22 23 25 | 25.5
Invocations    | 1 2 3 4 5 7 8 9 10 12 13 14 15 16 17 18 19 20 21 | 21.5
Stealth        | 3 6 |  6.5
Evocations     | 1 4 6 7 8 10 12 13 14 15 16 | 16.0
Dodging        | 6 8 9 10 | 10.0
Transmutations | 2 4 |  4.0
Earth Magic    | 2 4 |  4.0
Translocations | 2 4 |  4.0
Air Magic      | 2 4 |  4.0
Spellcasting   | 1 3 |  3.0

Action                     |  1- 3 |  4- 6 |  7- 9 | 10-12 | 13-15 | 16-18 | 19-21 | 22-24 | 25-27 || total
---------------------------+-------+-------+-------+-------+-------+-------+-------+-------+-------++-------
  Melee: Hand axe          |    68 |    91 |       |       |       |       |       |       |       ||   159
         Headbutt          |    11 |    20 |    22 |    71 |   165 |   352 |   288 |   346 |   155 ||  1430
         Punch             |     1 |     1 |       |       |       |       |       |       |       ||     2
         Battleaxe         |       |    23 |   136 |   431 |   752 |  1385 |   856 |       |       ||  3583
         Executioner's axe |       |       |       |       |       |       |   293 |  1211 |   544 ||  2048
  Throw: Throwing net      |       |       |       |       |     1 |       |       |       |       ||     1
 Invoke: Banish            |       |     1 |     1 |       |     2 |       |       |       |       ||     4
  Evoke: Wand              |       |       |       |       |       |     3 |     2 |       |     7 ||    12
         Phantom mirror    |       |       |       |       |       |       |     1 |       |       ||     1
         Condenser vane    |       |       |       |       |       |       |     1 |     1 |       ||     2
    Use: Potion            |       |     1 |     1 |       |     3 |     3 |     5 |     4 |    18 ||    35
         Scroll            |       |       |       |    23 |     8 |    10 |     6 |    13 |     3 ||    63
   Stab: Sleeping          |     2 |     1 |     1 |       |       |       |     1 |       |       ||     5
         Distracted        |       |       |       |       |       |       |       |     1 |       ||     1
 Armour: Ring mail         |    18 |    55 |    32 |       |       |       |       |       |       ||   105
         Robe              |     4 |       |       |       |       |       |       |       |       ||     4
         Chain mail        |       |       |    52 |   240 |   546 |   966 |   492 |   282 |       ||  2578
         Gold dragon scale |       |       |       |       |       |       |       |   465 |   324 ||   789
  Dodge: Dodged            |    47 |    57 |   104 |   209 |   334 |   630 |   380 |   577 |   205 ||  2543
         Repelled          |       |       |       |       |     4 |    15 |    14 |    22 |       ||    55
  Block: Other             |       |       |       |       |       |   199 |   160 |   198 |    76 ||   633
         Reflection        |       |       |       |       |       |    20 |    21 |    17 |       ||    58

Table legend: (Time is in decaauts)
 A = Elapsed time spent in this place.
 B = Non-inter-level travel time spent in this place.
 C = Inter-level travel time spent in this place.
 D = Time resting spent in this place.
 E = Time spent auto-exploring this place.
 F = Levels seen in this place.
 G = Mean time per level.
                   A        B        C        D        E       F      G
               +--------+--------+--------+--------+--------+-----+--------+
         Total |  68940 |  61977 |   6963 |   9573 |  41257 |  52 | 1325.8 |
       Dungeon |  16471 |  13725 |   2746 |    938 |  10567 |  15 | 1098.1 |
          Lair |   4463 |   3718 |    745 |      0 |   3077 |   5 |  892.6 |
        Shoals |   5550 |   5386 |    164 |    782 |   3536 |   4 | 1387.5 |
   Spider Nest |   6942 |   6720 |    222 |   1447 |   3980 |   4 | 1735.5 |
  Orcish Mines |   2737 |   2296 |    441 |    279 |   1318 |   2 | 1368.5 |
   Elven Halls |   3863 |   3619 |    244 |    306 |   2449 |   3 | 1287.7 |
        Vaults |  12891 |  11529 |   1362 |   1520 |   8444 |   5 | 2578.2 |
        Depths |   6576 |   5823 |    753 |   1237 |   3681 |   4 | 1644.0 |
           Zot |   6951 |   6668 |    283 |   2562 |   2833 |   5 | 1390.2 |
        Bazaar |    618 |    618 |      0 |      0 |    538 |   2 |  309.0 |
         Trove |     77 |     77 |      0 |      0 |      2 |   1 |   77.0 |
      Ice Cave |   1145 |   1145 |      0 |    453 |    528 |   1 | 1145.0 |
      Gauntlet |    651 |    651 |      0 |     47 |    301 |   1 |  651.0 |
               +--------+--------+--------+--------+--------+-----+--------+

Top non-repeatable levels by time:
Vaults:4: 3820 daAuts
Vaults:2: 2627 daAuts
Vaults:1: 2514 daAuts
Vaults:3: 2342 daAuts
Depths:2: 2337 daAuts
Spider:4: 2174 daAuts
Depths:4: 1989 daAuts
   Orc:2: 1895 daAuts
    D:15: 1805 daAuts
Spider:2: 1731 daAuts
Spider:3: 1722 daAuts
   Zot:4: 1609 daAuts
Shoals:2: 1598 daAuts
Vaults:5: 1585 daAuts
   Zot:3: 1568 daAuts
